 Dungeon Crawl Stone Soup version 0.31-a0-1576-ga3383bade6 (webtiles) character file.

Game seed: 3216661783607183537

660 wildpjah the Slasher (level 7, -2/53 HPs)
             Began as a Demonspawn Gladiator on Jan 4, 2024.
             Was a Follower of Nemelex Xobeh.
             Slain by an ogre
             ... wielding a +0 giant club
              (31 damage)
             ... on level 4 of the Dungeon.
             The game lasted 00:05:07 (2264 turns).

wildpjah the Slasher (Demonspawn Gladiator)         Turns: 2264, Time: 00:05:07

Health: -2/53      AC: 12    Str: 14    XL:     7   Next: 30%
Magic:  7/7        EV:  5    Int:  8    God:    Nemelex Xobeh [*.....]
Gold:   271        SH:  0    Dex: 17    Spells: 6/6 levels left

rFire   . . .        f - +0 scimitar
rCold   . . .        (no shield)
rNeg    . . .        v - +0 plate armour
rPois   .            s - +0 hat
rElec   .            q - +0 cloak
rCorr   .            (no gloves)
SInv    .            (no boots)
Will    .....        i - amulet of regeneration Stlth
                     (no ring)
HPRegen 1.08/turn    (no ring)
MPRegen 0.10/turn

%: no passive effects
@: no status effects
A: horns 1, foul stench 1, spiny 1
a: Renounce Religion, Draw Escape, Draw Destruction, Draw Summoning


You were on level 4 of the Dungeon.
You worshipped Nemelex Xobeh.
Nemelex Xobeh was aware of your devotion.
You visited 2 branches of the dungeon, and saw 5 of its levels.

You collected 271 gold pieces.

Inventory:

Hand Weapons
 a - a +0 long sword
 f - a +0 scimitar (weapon)
Missiles
 d - a throwing net (quivered)
 e - a javelin
Armour
 b - a +0 leather armour
 c - a +0 helmet
 k - a +0 ring mail
 q - a +0 cloak (worn)
 s - a +0 hat (worn)
 v - a +0 plate armour (worn)
Jewellery
 i - an amulet of regeneration (around neck)
 p - an amulet of guardian spirit
Scrolls
 g - a scroll of blinking {unknown}
 l - 4 scrolls of identify {unknown}
 m - a scroll of torment {unknown}
 n - a scroll of teleportation {unknown}
 o - a scroll of fog {unknown}
 r - 3 scrolls of poison {unknown}
 t - a scroll of noise {unknown}
 u - a scroll of immolation {unknown}
 y - a scroll of revelation {unknown}
 C - a scroll of amnesia {unknown}
Potions
 h - a potion of enlightenment {unknown}
 j - 2 potions of heal wounds {unknown}
 w - a potion of berserk rage {unknown}
 x - 2 potions of curing {unknown}
 z - a potion of cancellation {unknown}
 A - a potion of resistance {unknown}
 B - a potion of ambrosia {unknown}


   Skills:
 + Level 3.7 Fighting
 + Level 5.5 Long Blades
 + Level 1.9 Throwing
 + Level 3.5 Armour
 + Level 3.4 Dodging


You had 6 spell levels left.
You didn't know any spells.
Your spell library was empty.

Dungeon Overview and Level Annotations

Branches:
Dungeon (4/15)             Temple (1/1) D:4

Altars:
Ashenzari
Cheibriados
Fedhas
Gozag
Kikubaaqudgha
Makhleb
Nemelex Xobeh
Okawaru
Qazlal
Ru
Sif Muna
Trog
Uskayaw
Vehumet
Wu Jian
Xom
Yredelemnul


Innate Abilities, Weirdness & Mutations

You have a pair of small horns on your head.
You may rarely emit foul miasma when damaged in melee.
You are partially covered in sharp spines.


Message History

You miss the orc wizard.
You feel very sick. The orc wizard casts a spell at you.
The puff of flame hits you!
The kobold hits you with a +0 short sword.
You hit the orc wizard but do no damage.
You feel sick.
The orc wizard hits you but does no damage.
An ogre comes into view. It is wielding a +0 giant club.
The kobold is struck by your spines. The kobold hits you but does no damage.
The ogre shouts!
You hit the kobold.
You kill the kobold!
You feel sick.
The orc wizard is struck by your spines.
The orc wizard hits you with a +0 dagger.
You miss the orc wizard.
The orc wizard is moderately wounded.
You feel sick.
The orc wizard is struck by your spines.
The orc wizard hits you but does no damage.
You barely miss the orc wizard.
The orc wizard is moderately wounded.
You feel sick.
The orc wizard is struck by your spines.
The orc wizard barely misses you.
You closely miss the orc wizard. You headbutt the orc wizard.
The orc wizard is severely wounded.
You feel sick.
The orc wizard is struck by your spines.
The orc wizard hits you but does no damage.
You slash the orc wizard!
You kill the orc wizard!
You feel sick.
You are no longer poisoned.
The ogre is struck by your spines.
The ogre hits you with a +0 giant club!!
Ouch! That really hurt!
You die...
Your body disappears without a glow.

...... .......
####.......
##..........
##.......)..
#.........##.
#..............
#...)).....# .#
##...@O....##.#
##......).....#
#........#....
#...).>..##..#
#...<....##..##
##....[...#<..#
#....#...#.#.###
#.#.##.........####
#.#....†#.........#


You could see an ogre.

Vanquished Creatures
  Sigmund (D:2)
  Eustachio (D:4)
  An ice beast (D:4)
  A bullfrog (D:3)
  A hound (D:4)
  An orc priest (D:3)
  An orc wizard (D:4)
  A gnoll (D:1)
  5 adders
  2 adder skeletons (D:2)
  3 ribbon worms
  A dart slug (D:1)
  4 orcs
  A bat skeleton (D:2)
  2 endoplasms
  2 giant cockroaches (D:1)
  2 hobgoblins
  2 jackals (D:1)
  7 quokkas
  5 ball pythons
  4 bats
  3 frilled lizards (D:1)
  A giant cockroach zombie (D:2)
  6 goblins
  A jackal skeleton (D:2)
  6 kobolds
  A quokka skeleton (D:2)
  5 rats
71 creatures vanquished.

Notes
Turn   | Place    | Note
-------+----------+-------------------------------------------
     0 | D:1      | wildpjah the Demonspawn Gladiator began the quest for the
                  | Orb.
     0 | D:1      | Reached XP level 1. HP: 16/16 MP: 1/1
   229 | D:1      | Gained mutation: You have a pair of small horns on your
                  | head. [demonic ancestry]
   229 | D:1      | Reached XP level 2. HP: 22/22 MP: 2/2
   437 | D:1      | Reached skill level 3 in Long Blades
   708 | D:1      | Reached XP level 3. HP: 16/28 MP: 3/3
  1024 | D:2      | Noticed Sigmund
  1049 | D:2      | Killed Sigmund
  1050 | D:2      | Reached skill level 4 in Long Blades
  1050 | D:2      | Reached skill level 1 in Armour
  1050 | D:2      | Reached XP level 4. HP: 33/35 MP: 4/4
  1050 | D:2      | Gained mutation: You may rarely emit foul miasma when
                  | damaged in melee. [demonic ancestry]
  1050 | D:2      | Reached XP level 5. HP: 39/41 MP: 5/5
  1566 | D:2      | Found a faded altar of an unknown god.
  1622 | D:2      | Prayed at the altar of an unknown god.
  1622 | D:2      | Became a worshipper of Nemelex Xobeh the Trickster
  1622 | D:2      | Reached * piety under Nemelex Xobeh
  1622 | D:2      | Received a gift from Nemelex Xobeh
  1745 | D:3      | Gained mutation: You are partially covered in sharp spines.
                  | [demonic ancestry]
  1745 | D:3      | Reached XP level 6. HP: 44/47 MP: 6/6
  1927 | D:3      | Received a gift from Nemelex Xobeh
  2138 | D:4      | Noticed Eustachio
  2146 | D:4      | Found a staircase to the Ecumenical Temple.
  2163 | D:4      | Killed Eustachio
  2164 | D:4      | Reached skill level 5 in Long Blades
  2164 | D:4      | Reached XP level 7. HP: 39/52 MP: 7/7
  2173 | Temple   | Entered the Ecumenical Temple
  2264 | D:4      | Slain by an ogre

Illustrated notes

Levels and vault maps discovered:
D:1:      elethiomel_arrival_infinity_welcomes_careful_drivers,
          layout_loops_corners, serial_aquarium, aquarium_bridge_straight
          [aquarium_subvault_bridge, aquarium_subvault_wall,
          aquarium_subvault_bridge, aquarium_subvault_wall], aquarium_window_1,
          aquarium_window_corridor_2, aquarium_view_2a
D:2:      layout_basic, serial_undead, serial_undead_d, serial_undead_e,
          serial_undead_e, serial_undead_b, basic_ecumenical_altar, uniq_sigmund
D:3:      layout_basic, minmay_misc_feat_more_columns, dreamdust_wishing_well,
          hex_intersection
D:4:      layout_rooms, minmay_temple_entry_wispy,
          serial_library_hellmonk_statue_hall, grunt_ministairs_7,
          uniq_eustachio
Temple:   mainiacjoe_temple_cubbyholes

Skill      XL: |  1  2  3  4  5  6 |
---------------+-------------------+-----
Dodging        | 3 |  3.4
Long Blades    | 3 4 5 |  5.5
Fighting       | 3 |  3.7
Armour         | 1 2 3 |  3.5
Throwing       | |  1.9

Action                     |  1- 3 |  4- 6 |  7- 9 || total
---------------------------+-------+-------+-------++-------
  Melee: Scimitar          |    99 |    92 |    20 ||   211
         Punch             |     2 |       |       ||     2
         Headbutt          |    18 |     6 |     7 ||    31
  Throw: Throwing net      |     2 |       |       ||     2
 Armour: Leather armour    |     7 |       |       ||     7
         Ring mail         |    46 |    39 |       ||    85
         Plate armour      |       |    35 |    21 ||    56
  Dodge: Dodged            |    62 |    77 |     5 ||   144

Table legend: (Time is in decaauts)
 A = Elapsed time spent in this place.
 B = Non-inter-level travel time spent in this place.
 C = Inter-level travel time spent in this place.
 D = Time resting spent in this place.
 E = Time spent auto-exploring this place.
 F = Levels seen in this place.
 G = Mean time per level.
                   A        B        C        D        E       F      G
               +--------+--------+--------+--------+--------+-----+--------+
         Total |   2308 |   2183 |    125 |      7 |   1558 |   5 |  461.6 |
       Dungeon |   2307 |   2182 |    125 |      7 |   1558 |   4 |  576.8 |
        Temple |      1 |      1 |      0 |      0 |      0 |   1 |    1.0 |
               +--------+--------+--------+--------+--------+-----+--------+

Top non-repeatable levels by time:
     D:1: 933 daAuts
     D:2: 803 daAuts
     D:3: 442 daAuts
     D:4: 127 daAuts
  Temple: 1 daAuts
